 Dungeon Crawl Stone Soup version 0.22.0-38-g04b72b8 (webtiles) character file.

632 Monsterracer the Spear-Bearer (level 7, -2/54 HPs)
             Began as a Merfolk Wizard on Aug 28, 2018.
             Was an Initiate of Elyvilon.
             Slain by Crazy Yiuf
             ... wielding a +4 quarterstaff of chaos
              (10 damage)
             ... on level 3 of the Dungeon.
             The game lasted 00:10:52 (6439 turns).

Monsterracer the Spear-Bearer (Merfolk Wizard)      Turns: 6439, Time: 00:10:53

Health: -2/54      AC:  5    Str:  9    XL:     7   Next: 49%
Magic:  4/11       EV: 13    Int: 17    God:    Elyvilon [......]
Gold:   195        SH:  0    Dex: 13    Spells: 9/12 levels left

rFire    . . .     SeeInvis .   r - +1 spear
rCold    . . .     Gourm    .   (no shield)
rNeg     . . .     Faith    .   u - +1 leather armour {MR+}
rPois    .         Spirit   .   b - +0 hat
rElec    .         Reflect  .   (no cloak)
rCorr    .         Harm     .   (no gloves)
MR       +....                  t - +0 pair of boots
Stlth    +++.......             m - amulet of regeneration
HPRegen  0.58/turn              n - ring of stealth
MPRegen  0.12/turn              (no ring)

@: lethally poisoned (-2 -> -2), drained
A: change form in water, swift swim, stealthy swim
a: Renounce Religion


You were on level 3 of the Dungeon.
You worshipped Elyvilon.
Elyvilon was noncommittal.
You were near starving.

You visited 2 branches of the dungeon, and saw 6 of its levels.

You collected 195 gold pieces.

Inventory:

Hand Weapons
 r - a +1 spear (weapon)
Armour
 b - a +0 hat (worn)
 t - a +0 pair of boots (worn)
 u - a +1 leather armour of magic resistance (worn)
Jewellery
 m - an amulet of regeneration (around neck)
 n - a ring of stealth (left hand)
Scrolls
 a - a scroll of enchant weapon
 e - a scroll of fog
 k - 3 scrolls of teleportation {!r}
 l - 3 scrolls of remove curse
 p - 2 scrolls of fear {!r}
Potions
 d - a potion of mutation {unknown}
 f - a potion of lignification
 g - 2 potions of curing
 h - 4 potions of might
 o - 2 potions of heal wounds
 q - a potion of brilliance {unknown}
 s - 2 potions of degeneration {unknown}
 v - a potion of agility
Comestibles
 c - 9 rations


   Skills:
 + Level 4.3(3.7) Fighting
 + Level 8.1(7.5) Polearms
 + Level 4.2(3.6) Dodging
 - Level 2.1(1.6) Stealth
 - Level 3.0(2.4) Spellcasting
 - Level 0.7(0.1) Conjurations
   Level 1.0(0.4) Summonings
 - Level 0.7(0.1) Translocations
 + Level 1.8(1.3) Invocations


You had 9 spell levels left.
You knew the following spells:

 Your Spells              Type           Power        Failure   Level  Hunger
a - Magic Dart            Conj           #...         24%         1    #......
e - Blink                 Tloc           N/A          36%         2    ##.....

Your spell library contained the following spells:

 Spells                   Type           Power        Failure   Level  Hunger
 Call Imp                 Summ           #.......     32%         2    ##.....
 Slow                     Hex            #.......     36%         2    ##.....
 Conjure Flame            Conj/Fire      #.......     58%         3    ###....
 Mephitic Cloud           Conj/Pois/Air  #.......     61%         3    ###....


Dungeon Overview and Level Annotations

Branches:
Dungeon (5/15)             Temple (1/1) D:4

Altars:
Ashenzari
Cheibriados
Dithmenos
Elyvilon
Fedhas
Gozag
Hepliaklqana
Kikubaaqudgha
Makhleb
Nemelex Xobeh
Okawaru
Qazlal
Ru
Sif Muna
Trog
Vehumet
Wu Jian
Xom
Yredelemnul
Zin
The Shining One

Annotations:
D:3 Crazy Yiuf, Grinder


Message History

You hit Crazy Yiuf but do no damage.
Crazy Yiuf is moderately wounded.
Crazy Yiuf screams, "Aardvark!"
Crazy Yiuf hits you with a quarterstaff of chaos!
You feel your power leaking away.
You take 10 damage, and have 30/54 hp.
You now have 3/11 mp.
You barely miss Crazy Yiuf.
Crazy Yiuf is moderately wounded.
You barely miss Crazy Yiuf.
Crazy Yiuf is moderately wounded.
Crazy Yiuf hits you with a quarterstaff of chaos!
* * * LOW HITPOINT WARNING * * *
You take 7 damage, and have 23/54 hp.
Unknown command.
You barely miss Crazy Yiuf.
Crazy Yiuf is moderately wounded.
Crazy Yiuf completely misses you.
You closely miss Crazy Yiuf.
Crazy Yiuf is moderately wounded.
You barely miss Crazy Yiuf.
Crazy Yiuf is moderately wounded.
Crazy Yiuf closely misses you.
You closely miss Crazy Yiuf.
Crazy Yiuf is moderately wounded.
You are near starving!
You puncture Crazy Yiuf!
Crazy Yiuf is severely wounded.
Crazy Yiuf hits you but does no damage.
You hit Crazy Yiuf.
Crazy Yiuf is severely wounded.
Crazy Yiuf hits you with a quarterstaff of chaos.
* * * LOW HITPOINT WARNING * * *
You blink.
You take 3 damage, and have 22/54 hp.
Unknown command.
Attack whom?
Press: ? - help, Dir - move target cursor, f/p - Crazy Yiuf
Aim: Crazy Yiuf, wielding a quarterstaff of chaos and wearing a runed cloak (severely wounded)
You reach to attack!
You hit Crazy Yiuf.
Crazy Yiuf is severely wounded.
Unknown command.
Attack whom?
Press: ? - help, Dir - move target cursor, f/p - Crazy Yiuf
Aim: Crazy Yiuf, wielding a quarterstaff of chaos and wearing a runed cloak (severely wounded)
You reach to attack!
You hit Crazy Yiuf.
Crazy Yiuf is almost dead.
You barely miss Crazy Yiuf.
Crazy Yiuf is almost dead.
Crazy Yiuf whimpers, "Buddy Orb Guardian forty-two!"
Crazy Yiuf hits you with a quarterstaff of chaos.
* * * LOW HITPOINT WARNING * * *
You are poisoned.
You take 4 damage, and have 19/54 hp.
Unknown command.
Unknown command.
You closely miss Crazy Yiuf.
Crazy Yiuf is almost dead.
You feel sick.
You take 1 damage, and have 18/54 hp.
You hit Crazy Yiuf but do no damage.
Crazy Yiuf is almost dead.
You feel sick.
Crazy Yiuf hits you with a quarterstaff of chaos.
* * * LOW HITPOINT WARNING * * *
Crazy Yiuf burns you.
* * * LOW HITPOINT WARNING * * *
You take 6 damage, and have 12/54 hp.
Unknown command.
Unknown command.
Evoke which item? (* to show all) (? for menu, Esc to quit)
Okay, then.
You completely miss Crazy Yiuf.
Crazy Yiuf is almost dead.
You feel sick.
Crazy Yiuf cries, "Hack!
Key stair cloud."
Crazy Yiuf hits you with a quarterstaff of chaos.
* * * LOW HITPOINT WARNING * * *
Crazy Yiuf draws strength from your wounds!
You take 2 damage, and have 10/54 hp.
Unknown command.
Unknown command.
You feel sick.
You closely miss Crazy Yiuf.
Crazy Yiuf is almost dead.
You feel sick.
Crazy Yiuf yells, "Mountain verde ladder!"
Crazy Yiuf hits you with a quarterstaff of chaos.
* * * LOW HITPOINT WARNING * * *
Crazy Yiuf draws strength from your wounds!
You take 1 damage, and have 9/54 hp.
Unknown command.
Unknown command.
You hit Crazy Yiuf but do no damage.
Crazy Yiuf is almost dead.
You feel sick.
You take 1 damage, and have 8/54 hp.
You hit Crazy Yiuf but do no damage.
Crazy Yiuf is almost dead.
Crazy Yiuf hits you with a quarterstaff of chaos!
You die...

####### ##.....######
#...........## #...###+###..#
#..##.....##g## #..#..#.#..#@.#
###### #..'.#[#.#.'..# #.(...
#..#..#.#..#..# #.....
##..##.....##..# #.....
####.<..###+###...# #.....
#....##...........##########.....
..########.)......)......(.......
### ##.....############.....
#.....# ##.....


You could see Crazy Yiuf.

Vanquished Creatures
  A sky beast (D:5)
  A centaur (D:4)
  2 scorpions
  A howler monkey (D:3)
  A hound (D:4)
  A jelly (D:3)
  An orc priest (D:4)
  A bullfrog skeleton (D:4)
  An orc wizard (D:4)
  6 adders
  2 oozes
  2 adder skeletons (D:4)
  A worm (D:2)
  4 dart slugs
  10 leopard geckos
  10 orcs
  A giant cockroach (D:2)
  5 goblins
  12 hobgoblins
  2 jackals (D:2)
  2 quokkas (D:3)
  6 ball pythons
  7 bats
  5 frilled lizards
  A jackal skeleton (D:4)
  3 kobolds (D:2)
  8 rats
97 creatures vanquished.

Notes
Turn   | Place    | Note
-------+----------+-------------------------------------------
     0 | D:1      | Monsterracer the Merfolk Wizard began the quest for the Orb.
     0 | D:1      | Reached XP level 1. HP: 13/13 MP: 4/4
    64 | D:1      | Reached skill level 1 in Fighting
   289 | D:1      | HP: 6/15 [hobgoblin/club (5)]
   534 | D:1      | Reached XP level 2. HP: 11/22 MP: 0/6
  1136 | D:1      | Reached XP level 3. HP: 28/28 MP: 7/7
  1551 | D:1      | Learned a level 2 spell: Blink
  2300 | D:2      | Reached skill level 1 in Polearms
  2300 | D:2      | Reached XP level 4. HP: 35/35 MP: 3/8
  2426 | D:2      | Reached skill level 2 in Polearms
  2855 | D:3      | Reached skill level 4 in Polearms
  2855 | D:3      | Reached XP level 5. HP: 41/41 MP: 0/9
  3391 | D:3      | Noticed Grinder
  3553 | D:3      | Reached skill level 5 in Polearms
  3927 | D:3      | Found a runed door.
  3951 | D:3      | Paralysed by Grinder for 4 turns
  4219 | D:4      | HP: 13/41 [scorpion (8)]
  4224 | D:4      | HP: 7/41 [poisoned by a scorpion]
  4229 | D:4      | HP: 4/41 [poisoned by a scorpion]
  4234 | D:4      | HP: 2/41 [poisoned by a scorpion]
  4239 | D:4      | HP: 2/41 [poisoned by a scorpion]
  4244 | D:4      | HP: 3/41 [poisoned by a scorpion]
  4251 | D:4      | HP: 4/41 [poisoned by a scorpion]
  4259 | D:4      | HP: 7/41 [poisoned by a scorpion]
  4273 | D:4      | Reached skill level 6 in Polearms
  4273 | D:4      | Reached XP level 6. HP: 15/47 MP: 10/10
  4632 | D:4      | HP: 17/47 [orc priest/divine providence (13)]
  4635 | D:4      | Reached skill level 7 in Polearms
  4924 | D:4      | Found a staircase to the Ecumenical Temple.
  4959 | Temple   | Entered the Ecumenical Temple
  5185 | Temple   | Became a worshipper of Elyvilon the Healer
  5645 | D:4      | Reached skill level 1 in Invocations
  5645 | D:4      | Reached XP level 7. HP: 39/54 MP: 11/11
  5712 | D:5      | Entered Level 5 of the Dungeon
  5733 | D:5      | HP: 24/54 [sky beast (5)]
  5738 | D:5      | Reached skill level 8 in Polearms
  6243 | D:3      | Paralysed by Grinder for 7 turns
  6246 | D:3      | HP: 26/54 [Grinder (3)]
  6268 | D:3      | HP: 23/54 [Grinder/nerve-wracking pain (6)]
  6356 | D:3      | Noticed Crazy Yiuf
  6421 | D:3      | HP: 23/54 [Crazy Yiuf/quarterstaff of chaos (8)]
  6427 | D:3      | HP: 22/54 [Crazy Yiuf/quarterstaff of chaos (3)]
  6432 | D:3      | HP: 18/54 [poisoned by Crazy Yiuf]
  6437 | D:3      | HP: 10/54 [poisoned by Crazy Yiuf]
  6439 | D:3      | Slain by Crazy Yiuf

Skill      XL: |  1  2  3  4  5  6  7 |
---------------+----------------------+-----
Fighting       | 1 2 3 4 |  4.3
Polearms       | 1 4 6 7 8 |  8.1
Dodging        | 3 4 |  4.2
Invocations    | 1 |  1.8
Stealth        | |  2.1
Spellcasting   | |  3.0
Conjurations   | |  0.7
Summonings     | |  1.0
Translocations | |  0.7

Action                   |  1- 3 |  4- 6 |  7- 9 || total
-------------------------+-------+-------+-------++-------
Melee: Unarmed           |    28 |       |       ||    28
       Dagger            |     7 |       |       ||     7
       Short sword       |     9 |       |       ||     9
       Spear             |       |   358 |    88 ||   446
 Cast: Magic Dart        |    99 |    33 |       ||   132
  Use: Scroll            |       |    11 |       ||    11
       Potion            |       |     1 |       ||     1
 Stab: Distracted        |     1 |     2 |       ||     3
       Sleeping          |       |     5 |       ||     5
  Eat: Chunk             |     4 |    10 |     2 ||    16
Armor: Robe              |    12 |     5 |       ||    17
       Leather armour    |       |    53 |     9 ||    62
       Ring mail         |       |    23 |       ||    23
Dodge: Dodged            |    58 |   181 |    30 ||   269

Vault maps used:
D:1:      dpeg_arrival_water_temple_mockup
D:2:      first_ration
D:3:      minmay_box_of_dots, uniq_crazy_yiuf_cottage, uniq_grinder
D:4:      mumra_celtic_spiral_tile, temple_doors_ab, hangedman_decor_push,
          st_stairs_14, minivault_25
D:5:      nrook_mini_backslash
Temple:   roderic_octagonal_lattice_temple
